 Dungeon Crawl Stone Soup version 0.31-a0-662-g684573625c (webtiles) character file.

Game seed: 13858980835311388370

86 cforsyth the Trooper (level 4, -6/37 HPs)
             Began as a Djinni Cinder Acolyte on Sept 1, 2023.
             Was a High Priest of Ignis.
             Mangled by Terence
             ... wielding a +1 flail of protection
              (12 damage)
             ... on level 2 of the Dungeon.
             The game lasted 00:03:19 (1923 turns).

cforsyth the Trooper (Djinni Cinder Acolyte)        Turns: 1923, Time: 00:03:19

Health: -6/37      AC:  2    Str: 13    XL:     4   Next: 78%
Gold:   55         EV: 11    Int: 17    God:    Ignis [*****.] SH:  0 Dex:  9

rFire   + + +        a - -1 falchion (flame)
rCold   x . .        (no shield)
rNeg    . . .        b - +0 robe
rPois   ∞            (no helmet)
rElec   .            (no cloak)
rCorr   .            (no gloves)
SInv    .            (boots unavailable)
Will    .....        (no amulet)
Stlth   +            (no ring)
HPRegen 0.26/turn    (no ring)
MPRegen 0.00/turn

%: infuse magic (-7 HP)
@: flying
A: sickness immunity, fire resistance 2, cold vulnerability 1, float, innate
caster, HP casting, extra vitality 1
a: Renounce Religion, Fiery Armour, Foxfire Swarm, Rising Flame


You were on level 2 of the Dungeon.
You worshipped Ignis.
Ignis was extremely pleased with you.
You visited 1 branch of the dungeon, and saw 2 of its levels.

You collected 55 gold pieces.

Inventory:

Hand Weapons
 a - a -1 falchion of flaming (weapon)
Armour
 b - a +0 robe (worn)
Jewellery
 h - a ring of see invisible
Wands
 c - a wand of flame (10)
Scrolls
 e - a scroll of identify {unknown}
 f - a scroll of vulnerability {unknown}
 g - a scroll of teleportation {unknown}
 i - a scroll of enchant weapon {unknown}
Potions
 d - a potion of haste {unknown}


   Skills:
 + Level 3.8 Fighting
 + Level 3.5 Long Blades
 + Level 2.8 Spellcasting
 + Level 2.8 Conjurations
 + Level 2.8 Hexes
 + Level 2.8 Summonings
 + Level 2.8 Necromancy
 + Level 2.8 Translocations
 + Level 2.8 Transmutations
 + Level 2.8 Fire Magic
 + Level 2.8 Ice Magic
 + Level 2.8 Air Magic
 + Level 2.8 Earth Magic
 + Level 2.8 Poison Magic


You knew the following spells:

 Your Spells              Type           Power      Damage    Failure   Level
a - Scorch                Fire           24%        2d6       9%          2
b - Sting                 Tmut/Pois      48%        1d5       5%          1
Your spell library was empty.

Dungeon Overview and Level Annotations

Branches:
Dungeon (2/15)

Altars:

Annotations:
D:2 Terence


Innate Abilities, Weirdness & Mutations

You are immune to sickness and miasma.
You are immune to poison.
Your flesh is very heat resistant. (rF++)
You are vulnerable to cold. (rC-)
You float through the air rather than walking.
You learn spells naturally, not from books.
Your magical power is your life essence.
You have superior vitality. (+4 MHP)


Message History

Press: ? - help, Shift-Dir - straight line, f/p - Terence
Aim: Terence, wielding a +1 flail of protection, wearing a +0 scale mail and carrying a wand of flame (lightly wounded, more vulnerable to fire, 72% to hit)
The puff of flame hits Terence.
Terence is burned terribly!
Terence is moderately wounded.
Terence is no longer more vulnerable to fire.
Terence hits you with a +1 flail of protection!
* * * LOW HITPOINT WARNING * * *
Aiming: Throw Flame
Press: ? - help, Shift-Dir - straight line, f/p - Terence
Aim: Terence, wielding a +1 flail of protection, wearing a +0 scale mail and carrying a wand of flame (moderately wounded, 72% to hit)
The puff of flame hits Terence.
Terence is heavily wounded.
Terence zaps a wand.
The puff of flame misses you.
Aiming: Throw Flame
Press: ? - help, Shift-Dir - straight line, f/p - Terence
Aim: Terence, wielding a +1 flail of protection, wearing a +0 scale mail and carrying a wand of flame (heavily wounded, 72% to hit)
The puff of flame hits Terence.
Terence is severely wounded.
Terence barely misses you.
Unknown command.
Aiming: Throw Flame
Press: ? - help, Shift-Dir - straight line, f/p - Terence
Aim: Terence, wielding a +1 flail of protection, wearing a +0 scale mail and carrying a wand of flame (severely wounded, 72% to hit)
The puff of flame hits Terence but does no damage.
Terence is severely wounded.
Terence barely misses you.
Aiming: Throw Flame
Press: ? - help, Shift-Dir - straight line, f/p - Terence
Aim: Terence, wielding a +1 flail of protection, wearing a +0 scale mail and carrying a wand of flame (severely wounded, 72% to hit)
The puff of flame hits Terence but does no damage.
Terence is severely wounded.
Terence misses you.
Casting: Scorch (safe; 9% risk of failure)
Confirm with . or Enter, or press ? or * to list all spells.
Flames lash Terence.
Terence is severely wounded.
Terence's fire resistance burns away.
* * * LOW HITPOINT WARNING * * *
Terence hits you with a +1 flail of protection!
You die...

#..##...............#.....
#......>.###########.....
##.....#....# #.....
###....#####.# ##.....
#.....†### .# .......
#.....†..###.# . ####.#.#
#.#..........#..# #.#.# #
#....#.......# #.#.#
#....†.@@...## # ##.#.#
..<.##(...........##.....
##...#.........!..........
#>.....#................<.
....##.#..................
# ..#................).
....##................ ...
. #.............†.
.........


You could see Terence (combustible).

Vanquished Creatures
  Jessica (D:2)
  An adder (D:1)
  2 worms
  5 ball pythons
  5 endoplasms (D:1)
  3 giant cockroaches
  4 hobgoblins
  A quokka (D:2)
  5 bats
  5 frilled lizards
  7 goblins
  6 kobolds (D:1)
45 creatures vanquished.

Vanquished Creatures (others)
  A bat (D:2)
1 creature vanquished.

Grand Total: 46 creatures vanquished

Notes
Turn   | Place    | Note
-------+----------+-------------------------------------------
     0 | D:1      | cforsyth the Djinni Cinder Acolyte began the quest for the
                  | Orb.
     0 | D:1      | cforsyth set off with the following spells memorised:
                  | Scorch.
     0 | D:1      | Reached XP level 1. HP: 20/20 MP: 0/0
    56 | D:1      | Found a faded altar of an unknown god.
   249 | D:1      | Reached XP level 2. HP: 25/25 MP: 0/0
   482 | D:1      | Reached XP level 3. HP: 12/30 MP: 0/0
   482 | D:1      | Learned a level 1 spell: Sting
  1602 | D:2      | Noticed Jessica
  1744 | D:2      | Killed Jessica
  1745 | D:2      | Reached XP level 4. HP: 33/37 MP: 0/0
  1906 | D:2      | Noticed Terence
  1923 | D:2      | Mangled by Terence

Illustrated notes

Levels and vault maps discovered:
D:1:      dpeg_arrival_fog, layout_basic, ebering_ecumenical_altar_hall,
          serial_corexii_hall, corexii_hall_statues_i, corexii_hall_statues_t
D:2:      layout_rooms, uniq_jessica, uniq_terence, uniq_crazy_yiuf_cottage

Skill      XL: |  1  2 |
---------------+-------+-----
Long Blades    | 3 |  3.5
Fighting       | |  3.8
Spellcasting   | |  2.8
Conjurations   | |  2.8
Hexes          | |  2.8
Summonings     | |  2.8
Necromancy     | |  2.8
Translocations | |  2.8
Transmutations | |  2.8
Fire Magic     | |  2.8
Ice Magic      | |  2.8
Air Magic      | |  2.8
Earth Magic    | |  2.8
Poison Magic   | |  2.8

Action                     |  1- 3 |  4- 6 || total
---------------------------+-------+-------++-------
  Melee: Falchion          |   117 |    35 ||   152
         Punch             |     2 |       ||     2
   Cast: Scorch            |     2 |     3 ||     5
  Evoke: Wand              |       |     6 ||     6
    Use: Potion            |     2 |       ||     2
 Armour: Robe              |   103 |    39 ||   142
  Dodge: Dodged            |    94 |    28 ||   122

Table legend: (Time is in decaauts)
 A = Elapsed time spent in this place.
 B = Non-inter-level travel time spent in this place.
 C = Inter-level travel time spent in this place.
 D = Time resting spent in this place.
 E = Time spent auto-exploring this place.
 F = Levels seen in this place.
 G = Mean time per level.
                   A        B        C        D        E       F      G
               +--------+--------+--------+--------+--------+-----+--------+
         Total |   1947 |   1876 |     71 |    421 |   1000 |   2 |  973.5 |
       Dungeon |   1947 |   1876 |     71 |    421 |   1000 |   2 |  973.5 |
               +--------+--------+--------+--------+--------+-----+--------+

Top non-repeatable levels by time:
     D:1: 1751 daAuts
     D:2: 195 daAuts
